[Event "27th CRO-chT Women 2018"]
[Site "Biograd"]
[Date "2018.09.08"]
[Round "1.1"]
[White "Videkovic, Marina"]
[Black "Ivekovic, Ana"]
[Result "0-1"]
[ECO "E11"]
[WhiteElo "1833"]
[BlackElo "2118"]
[Annotator "NA"]
[PlyCount "70"]
[EventDate "2018.09.08"]
[EventType "team-tourn"]
[EventCountry "CRO"]
[SourceTitle "playchess.com"]
[Source "ChessBase"]
[SourceQuality "1"]
[TimeControl "40/5400+30:1800+30"]

1. d4 Nf6 2. c4 e6 3. Nf3 Bb4+ 4. Bd2 Qe7 5. a3 Bxd2+ 6. Nbxd2 O-O 7. g3 d6 8. Bg2 e5 {[%emt 0:07:30] E11: Damenindisch (Bogoljubow-Variante)} (8... Nc6 9. O-O e5 10. d5 Nb8 11. e4 g6 12. Ne1 Nh5 13. Nd3 f5 14. exf5 Bxf5 15. Ne4 Bxe4 16. Bxe4 Nd7 17. Qd2 b6 18. Rae1 Qg7 {0-1 (58) Strebkovs,A (2441)-Pacuszka,T (2295) Warsaw 2008}) 9. e3 e4 10. Ng5 Bf5 $146 ({Vorgänger:} 10... Re8 11. b4 h6 12. Ngxe4 Ng4 13. h3 Nxf2 14. Kxf2 f5 15. Qh5 fxe4 16. Qd5+ {½-½ (25) Wika,H (2071)-Lim,W (1865) Penang 2016}) 11. h4 h6 12. Nh3 c6 13. Rc1 Nbd7 14. Nf4 Bg4 15. Qc2 Rfe8 16. Bh3 Bxh3 17. Nxh3 Ng4 18. O-O $15 Ndf6 19. Nf4 Qd7 20. Kg2 Rac8 21. Qc3 d5 22. c5 g5 23. hxg5 hxg5 24. Nh3 Kg7 25. Rh1 Qf5 26. Rcf1 Re7 27. b4 Rh8 28. Qc1 Rh5 29. Qe1 Qg6 30. Qe2 Re8 31. Rfg1 Reh8 32. f3 exf3+ 33. Qxf3 Rxh3 34. Rxh3 Rxh3 35. Rh1 Rxh1 0-1

[Event "27th CRO-chT Women 2018"]
[Site "Biograd"]
[Date "2018.09.08"]
[Round "1.2"]
[White "Spiranec, Noemi"]
[Black "Grgic, Neomi"]
[Result "1/2-1/2"]
[ECO "E05"]
[WhiteElo "2035"]
[BlackElo "1851"]
[Annotator "NA"]
[PlyCount "54"]
[EventDate "2018.09.08"]
[EventType "team-tourn"]
[EventCountry "CRO"]
[SourceTitle "playchess.com"]
[Source "ChessBase"]
[SourceQuality "1"]
[TimeControl "40/5400+30:1800+30"]

1. d4 Nf6 2. c4 e6 3. g3 d5 4. Bg2 Be7 5. Nf3 O-O 6. O-O dxc4 7. Ne5 Nc6 8. Bxc6 bxc6 9. Nxc6 Qe8 10. Nxe7+ Qxe7 11. Qa4 e5 12. dxe5 Qxe5 13. Qxc4 Be6 14. Qd3 Rad8 15. Qe3 Qh5 16. f3 Rfe8 17. Qf2 Bc4 18. Re1 Bxe2 19. Rxe2 Rd1+ 20. Kg2 Rxe2 21. Qxe2 Rxc1 22. Qd2 Qc5 23. Qd8+ Qf8 24. Qd2 Qc5 25. Qd8+ Qf8 26. Qd2 Qc5 27. Qd8+ Qf8 1/2-1/2

[Event "27th CRO-chT Women 2018"]
[Site "Biograd"]
[Date "2018.09.09"]
[Round "1.3"]
[White "Dejanovic, Tereza"]
[Black "Cvitan, Ena"]
[Result "1/2-1/2"]
[ECO "B13"]
[WhiteElo "1815"]
[BlackElo "2009"]
[Annotator "NA"]
[PlyCount "36"]
[EventDate "2018.09.08"]
[EventType "team-tourn"]
[EventCountry "CRO"]
[SourceTitle "playchess.com"]
[Source "ChessBase"]
[SourceQuality "1"]
[TimeControl "40/5400+30:1800+30"]

1. e4 c6 2. d4 d5 3. exd5 cxd5 4. Bd3 Nc6 5. c3 Nf6 6. h3 g6 7. Nf3 Bf5 8. O-O Bxd3 9. Qxd3 Bg7 10. Bf4 O-O 11. Nbd2 a6 12. Qe3 e6 13. Bh6 b5 14. Bxg7 Kxg7 15. Nb3 Nd7 16. Nc5 Nxc5 17. dxc5 Qc7 18. b4 Rfe8 1/2-1/2

[Event "27th CRO-chT Women 2018"]
[Site "Biograd"]
[Date "2018.09.08"]
[Round "1.3"]
[White "Raguz, Ivanka"]
[Black "Dejanovic, Tereza"]
[Result "0-1"]
[ECO "D03"]
[WhiteElo "1706"]
[BlackElo "1815"]
[Annotator "NA"]
[PlyCount "68"]
[EventDate "2018.09.08"]
[EventType "team-tourn"]
[EventCountry "CRO"]
[SourceTitle "playchess.com"]
[Source "ChessBase"]
[SourceQuality "1"]
[TimeControl "40/5400+30:1800+30"]

1. d4 d5 2. Nf3 Nf6 3. Bg5 e6 4. e3 Be7 5. Nbd2 Nbd7 6. Bd3 O-O 7. Qe2 c5 8. c3 b6 9. h4 Bb7 10. Kf1 Qc7 11. Bf4 Bd6 12. Bxd6 Qxd6 13. Ng5 e5 14. f3 exd4 15. cxd4 cxd4 16. exd4 Qb4 17. Nb3 $17 Rfe8 18. Qc2 Nf8 19. Kf2 Rac8 20. Qd1 a5 21. a3 Qd6 22. Bf5 Rc7 23. Rc1 Rce7 24. Rc3 Nh5 25. Rh3 Nf4 26. Nc1 Nxh3+ 27. Nxh3 Qf6 28. Qc2 Qxh4+ 29. g3 Qxd4+ 30. Kg2 Ba6 31. Nf4 Re1 32. Kh3 Rh1+ 33. Kg4 h5+ 34. Kg5 f6# 0-1

[Event "27th CRO-chT Women 2018"]
[Site "Biograd"]
[Date "2018.09.08"]
[Round "1.4"]
[White "Turk, Vesna"]
[Black "Ivekovic, Zvjezdana"]
[Result "0-1"]
[ECO "D03"]
[WhiteElo "1728"]
[BlackElo "1703"]
[Annotator "NA"]
[PlyCount "98"]
[EventDate "2018.09.08"]
[EventType "team-tourn"]
[EventCountry "CRO"]
[SourceTitle "playchess.com"]
[Source "ChessBase"]
[SourceQuality "1"]
[TimeControl "40/5400+30:1800+30"]

1. d4 d5 2. Nf3 Nf6 3. Bg5 e6 4. e3 Bb4+ 5. c3 Bd6 6. Bd3 h6 7. Bh4 Nbd7 8. Nbd2 c6 9. e4 dxe4 10. Nxe4 Be7 11. Nxf6+ Nxf6 12. Ne5 Qd5 13. O-O g5 14. Bg3 h5 15. f4 g4 16. Bh4 Nd7 17. Qe1 Nxe5 18. fxe5 Qd8 19. Qf2 Rf8 20. Bxe7 Qxe7 21. Qf6 Bd7 22. Qxe7+ Kxe7 23. Rf6 Rac8 24. Raf1 c5 25. Rh6 cxd4 26. cxd4 Rh8 27. Rhf6 Rhf8 28. Rh6 Rh8 29. Rhf6 Rhf8 30. Kf2 Bc6 31. Kg3 h4+ 32. Kf2 h3 33. gxh3 gxh3 34. Ke3 Bg2 35. Rg1 Rg8 36. Rf2 Rg4 37. Rf4 Rxf4 38. Kxf4 f6 39. exf6+ Kxf6 40. Re1 Rd8 41. Ke3 Kg5 42. Rg1 Kh4 43. Rc1 Rf8 44. Rc7 Rf3+ 45. Ke2 Rf4 46. Rh7+ Kg5 47. Rg7+ Kf6 48. Rg6+ Kf7 49. Ke3 Rf3+ 0-1

[Event "27th CRO-chT Women 2018"]
[Site "Biograd"]
[Date "2018.09.08"]
[Round "1.5"]
[White "Janzelj, Lara"]
[Black "Rozman, Monika"]
[Result "0-1"]
[ECO "D00"]
[WhiteElo "2254"]
[BlackElo "2037"]
[Annotator "NA"]
[PlyCount "100"]
[EventDate "2018.09.08"]
[EventType "team-tourn"]
[EventCountry "CRO"]
[SourceTitle "playchess.com"]
[Source "ChessBase"]
[SourceQuality "1"]
[TimeControl "40/5400+30:1800+30"]

1. d4 Nf6 2. Nc3 d5 3. Bf4 c6 4. e3 Bf5 {[%emt 0:00:30] D00: 1 d4 d5: Unusual lines} 5. f3 e6 6. g4 Bg6 7. h4 h6 8. Bd3 Bxd3 9. Qxd3 Be7 $146 ({Predecessor:} 9... Bd6 10. Nge2 Bxf4 11. Nxf4 Nbd7 12. O-O-O {1-0 (40) Darini,P (2511)-Amonatov,F (2620) Doha 2016}) 10. Nge2 Na6 11. O-O-O Nd7 12. Rdg1 Qa5 13. Kb1 O-O-O 14. Nc1 Rde8 15. Nb3 Qd8 16. Na4 Bxh4 17. Rxh4 $2 (17. Rc1 $11 {and White is okay.}) 17... Qxh4 18. Na5 Ndb8 ({Schwächer ist} 18... Qf2 19. Rf1 $11) 19. g5 Rd8 20. Qb3 Rd7 21. Bxb8 Nxb8 22. Nc5 Qh2 23. Rc1 b6 24. Nxd7 Kxd7 25. gxh6 Rxh6 26. f4 Kc7 27. c4 Qg2 28. cxd5 Qe4+ 29. Ka1 Rh1 30. Qc3 Rxc1+ 31. Qxc1 bxa5 32. dxc6 Nxc6 33. a3 Kd7 34. Qg1 g6 35. Qc1 a4 36. Qc3 Qh1+ 37. Ka2 Qd5+ 38. Kb1 Na5 39. Qb4 Nc6 40. Qb7+ Ke8 41. Qa8+ Ke7 42. Kc1 Qc4+ 43. Kd2 Qb5 44. Ke1 Qa5+ 45. Kd1 Qa6 46. Ke1 Na5 47. Qb8 Qb6 48. Qe5 Nc4 49. Qg5+ Ke8 50. Qh4 Qxb2 $19 0-1

[Event "27th CRO-chT Women 2018"]
[Site "Biograd"]
[Date "2018.09.08"]
[Round "1.6"]
[White "Blazeka, Mihaela"]
[Black "Kruljac, Petra"]
[Result "1-0"]
[ECO "B00"]
[WhiteElo "2048"]
[BlackElo "2069"]
[Annotator "NA"]
[PlyCount "141"]
[EventDate "2018.09.08"]
[EventType "team-tourn"]
[EventCountry "CRO"]
[SourceTitle "playchess.com"]
[Source "ChessBase"]
[SourceQuality "1"]
[TimeControl "40/5400+30:1800+30"]

1. e4 b6 2. d4 Bb7 3. Bd3 e6 4. Nf3 Nf6 5. Qe2 d5 6. e5 Ne4 7. Nbd2 {[%emt 0:04:30] B00: Queen's Fianchetto Defence, Nimzowitsch Defence} Nxd2 8. Bxd2 c5 (8... Qc8 9. O-O Ba6 10. c4 dxc4 11. Bxc4 Be7 12. Rac1 O-O 13. Qe4 Bxc4 14. Rxc4 Nd7 {1-0 (48) Dimitrov,R (2448)-Filev,G (2346) Plovdiv 2017}) 9. c3 Be7 10. O-O Qc8 11. Rac1 Ba6 12. c4 dxc4 $146 ({Predecessor:} 12... Bxc4 13. Bxc4 dxc4 14. dxc5 b5 {1-0 (29) Niedermaier,B (1879)-Lenk,S (1743) Vaterstetten 2007}) 13. Bxc4 O-O 14. Ng5 Bxc4 15. Rxc4 Qd8 16. Nxh7 Nc6 17. Nxf8 Nxd4 18. Qe4 Bxf8 19. Rc3 Qd5 20. Qxd5 exd5 21. Re1 c4 22. Kf1 Bb4 23. Rd1 Bxc3 24. Bxc3 Nb5 25. Rxd5 Nxc3 26. bxc3 Rb8 27. a4 a6 28. Ke2 Kf8 29. Ke3 Ke7 30. Kd4 b5 31. axb5 axb5 32. f4 g6 33. g4 Ke6 34. Rd6+ Ke7 35. Kc5 b4 36. Kxc4 b3 37. Rd1 b2 38. Rb1 Ke6 39. Kd3 g5 40. fxg5 Kxe5 41. Kc2 Rh8 42. Rxb2 Rxh2+ 43. Kb3 Rh8 44. Rf2 Ke6 45. Rf6+ Ke7 46. c4 Rb8+ 47. Kc3 Rc8 48. Kd4 Rd8+ 49. Kc5 Rc8+ 50. Rc6 Rg8 51. g6 fxg6 52. g5 Kd7 53. Rf6 $18 Ke7 54. Kb6 Rb8+ 55. Kc7 Rb4 56. c5 Rg4 57. Rxg6 Kf7 58. Rf6+ Ke7 59. Rf2 Rxg5 60. Re2+ Kf6 61. Kd6 Kf7 62. c6 Rg1 63. c7 Rd1+ 64. Kc6 Rc1+ 65. Kd7 Rd1+ 66. Kc8 Rb1 67. Re4 Rb2 68. Kd7 Rd2+ 69. Kc6 Rc2+ 70. Kd6 Rc1 71. Re5 1-0

[Event "27th CRO-chT Women 2018"]
[Site "Biograd"]
[Date "2018.09.08"]
[Round "1.7"]
[White "Radikovic, Anamarija"]
[Black "Ljikar, Tamara"]
[Result "1/2-1/2"]
[ECO "B41"]
[WhiteElo "1906"]
[BlackElo "1920"]
[Annotator "NA"]
[PlyCount "66"]
[EventDate "2018.09.08"]
[EventType "team-tourn"]
[EventCountry "CRO"]
[SourceTitle "playchess.com"]
[Source "ChessBase"]
[SourceQuality "1"]
[TimeControl "40/5400+30:1800+30"]

1. e4 c5 2. Nf3 e6 3. d4 cxd4 4. Nxd4 a6 5. c4 Nf6 6. Nc3 Bb4 7. Bd3 Qc7 8. O-O O-O 9. Bg5 Nc6 10. Nxc6 dxc6 11. f4 Ne8 12. e5 f5 13. exf6 gxf6 14. Bh4 Kh8 15. Qc2 Bd6 16. Ne2 c5 17. Bg3 Rb8 18. a4 $16 b6 19. Rae1 Rg8 20. Nc3 Qf7 21. Qe2 f5 22. Bc2 Ng7 23. Rd1 Bc7 24. Rd3 Nh5 25. Bd1 Nf6 26. Re3 Ng4 27. Rd3 Bb7 28. Re1 Rbe8 29. Qd2 Nf6 30. Bf3 Bxf3 31. Rxf3 Nh5 32. Ne2 Nf6 33. Nc3 Nh5 1/2-1/2

[Event "27th CRO-chT Women 2018"]
[Site "Biograd"]
[Date "2018.09.08"]
[Round "1.8"]
[White "Blazeka, Ivana"]
[Black "Muha, Magdalena"]
[Result "*"]
[ECO "C07"]
[WhiteElo "1610"]
[BlackElo "1839"]
[Annotator "NA"]
[PlyCount "67"]
[EventDate "2018.09.08"]
[EventType "team-tourn"]
[EventCountry "CRO"]
[SourceTitle "playchess.com"]
[Source "ChessBase"]
[SourceQuality "1"]
[TimeControl "40/5400+30:1800+30"]

1. e4 e6 2. d4 d5 3. Nd2 c5 4. exd5 Qxd5 5. Ngf3 cxd4 6. Bc4 Qd7 {[%emt 0:03:30] C07: French Tarrasch: 3...c5, 4 Ngf3 and 4 exd5 Qxd5} (6... Qd6 7. O-O Nf6 8. Nb3 Nc6 9. Nbxd4 Nxd4 10. Nxd4 a6 11. Re1 Qc7 12. Qe2 Bc5 13. c3 O-O 14. Bg5 b5 15. Bd3 Nd5 16. Qh5 g6 17. Qh4 Bb7 18. a4 bxa4 19. Rxa4 Rfe8 20. Nf3 {1-0 (29) Wei,Y (2729)-So,W (2780) chess.com INT 2018}) 7. O-O a6 8. Nb3 Nc6 9. Nbxd4 Nxd4 10. Qxd4 Qxd4 11. Nxd4 Bc5 12. Nb3 Ba7 13. Re1 Nf6 14. Be3 b5 $146 ({Predecessor:} 14... Bxe3 15. Rxe3 Bd7 16. Nd4 Rc8 17. Bb3 Rc5 18. Rae1 Ke7 19. Re5 Rxe5 20. Rxe5 {½-½ (43) Castillo Martinez,A (2159)-Del Rio de Angelis,S (2498) Valencia 2002}) 15. Bd3 Nd5 16. Bxa7 Rxa7 17. Be4 Nf6 18. Bc6+ Bd7 19. Bxd7+ Nxd7 20. Rad1 Ke7 21. Nd4 Rc8 22. Re2 Rac7 23. c3 Kf8 24. Red2 Nb6 25. g3 $11 Nd5 26. Kg2 b4 27. cxb4 Nxb4 28. a3 Nd5 29. Kf3 a5 30. Ke2 a4 31. Kd3 Rb7 32. Rc2 Rcb8 33. Rb1 Rb6 34. Kd2 *

[Event "27th CRO-chT Women 2018"]
[Site "Biograd"]
[Date "2018.09.08"]
[Round "1.9"]
[White "Nikolova, Adriana"]
[Black "Krivec, Jana"]
[Result "1/2-1/2"]
[ECO "C75"]
[WhiteElo "2281"]
[BlackElo "2185"]
[Annotator "ChessBase"]
[PlyCount "54"]
[EventDate "2018.09.08"]
[EventType "team-tourn"]
[EventCountry "CRO"]
[SourceTitle "playchess.com"]
[Source "ChessBase"]
[SourceQuality "1"]
[TimeControl "40/5400+30:1800+30"]

1. e4 e5 2. Nf3 Nc6 3. Bb5 a6 4. Ba4 d6 5. c3 Bd7 6. d4 Nge7 7. Bg5 h6 8. Bh4 g5 9. Bg3 Bg7 10. d5 Nb8 11. Bxd7+ Nxd7 12. h4 Ng6 13. hxg5 hxg5 14. Rxh8+ Bxh8 15. Nbd2 Qe7 16. Qc2 g4 17. Nh2 Nf4 18. Bxf4 exf4 19. O-O-O Qh4 20. Ndf1 O-O-O 21. Qe2 Rg8 22. Re1 Ne5 23. Kc2 Qg5 24. g3 Bf6 25. Qd2 fxg3 26. Qxg5 Bxg5 27. Nxg3 Bf4 1/2-1/2

[Event "27th CRO-chT Women 2018"]
[Site "Biograd"]
[Date "2018.09.09"]
[Round "1.10"]
[White "Berke, Ana"]
[Black "Blazeka, Mihaela"]
[Result "1/2-1/2"]
[ECO "C90"]
[WhiteElo "2170"]
[BlackElo "2048"]
[Annotator "ChessBase"]
[PlyCount "81"]
[EventDate "2018.09.08"]
[EventType "team-tourn"]
[EventCountry "CRO"]
[SourceTitle "playchess.com"]
[Source "ChessBase"]
[SourceQuality "1"]
[TimeControl "40/5400+30:1800+30"]

1. e4 e5 2. Nf3 Nc6 3. Bb5 a6 4. Ba4 Nf6 5. O-O Be7 6. Re1 b5 7. Bb3 d6 8. a4 Bb7 9. d3 Na5 10. Ba2 c5 11. Nc3 b4 12. Ne2 Bc6 13. Ng3 h6 14. Nf5 Bf8 15. c3 Rb8 16. Bd2 b3 17. Bb1 Qd7 18. c4 Qc7 19. Ra3 g6 20. Ne3 Bg7 21. Nd5 Nxd5 22. cxd5 Bd7 23. Bc3 O-O 24. Qd2 Nb7 25. a5 Nd8 26. Qc1 f5 27. Nd2 fxe4 28. dxe4 c4 29. Nf1 Bb5 30. Bd2 Qf7 31. Be3 Nb7 32. f3 Kh7 33. Qd2 g5 34. Ng3 Rbc8 35. Nf5 Bf6 36. g4 Qd7 37. Kg2 Nc5 38. Bxc5 Rxc5 39. h4 Kg6 40. Rh1 Rh8 41. Qc3 1/2-1/2

[Event "27th CRO-chT Women 2018"]
[Site "Biograd"]
[Date "2018.09.08"]
[Round "1.11"]
[White "Bogdanic, Katarina"]
[Black "Starcevic, Andrea"]
[Result "1-0"]
[ECO "A33"]
[WhiteElo "1921"]
[BlackElo "1893"]
[Annotator "NA"]
[PlyCount "81"]
[EventDate "2018.09.08"]
[EventType "team-tourn"]
[EventCountry "CRO"]
[SourceTitle "playchess.com"]
[Source "ChessBase"]
[SourceQuality "1"]
[TimeControl "40/5400+30:1800+30"]

1. c4 c5 2. Nf3 e6 3. g3 Nf6 4. Bg2 Be7 5. O-O O-O 6. Nc3 Nc6 7. d4 cxd4 8. Nxd4 a6 9. Bf4 Qb6 10. Nxc6 bxc6 11. Na4 Qa5 12. Qb3 d5 13. Nb6 Ra7 14. Nxc8 Rxc8 15. cxd5 cxd5 16. Rac1 Rd8 17. Be3 Raa8 18. Bb6 Qb5 19. Qxb5 axb5 20. Bxd8 Rxd8 21. Rc7 Bd6 22. Rb7 b4 23. Rd1 Kf8 24. e4 dxe4 25. Rxb4 Ke7 26. Rbd4 e5 27. Rc4 e3 28. fxe3 Bc5 29. Rxd8 Bxe3+ 30. Kf1 Kxd8 31. Ke2 Bd4 32. b4 Ng4 33. Be4 Ne3 34. Rxd4+ exd4 35. Kd3 Nf1 36. a4 Kc7 37. a5 Nxh2 38. b5 Ng4 39. Kxd4 Nf6 40. b6+ Kb8 41. Bc6 1-0

[Event "27th CRO-chT Women 2018"]
[Site "Biograd"]
[Date "2018.09.09"]
[Round "1.12"]
[White "Golub, Nikolina"]
[Black "Blazeka, Ivana"]
[Result "1-0"]
[ECO "E17"]
[WhiteElo "1839"]
[BlackElo "1610"]
[Annotator "NA"]
[PlyCount "61"]
[EventDate "2018.09.08"]
[EventType "team-tourn"]
[EventCountry "CRO"]
[SourceTitle "playchess.com"]
[Source "ChessBase"]
[SourceQuality "1"]
[TimeControl "40/5400+30:1800+30"]

1. d4 d5 2. c4 e6 3. Nf3 Nf6 4. g3 Be7 5. Bg2 O-O 6. O-O Nbd7 7. Nbd2 b6 8. b3 Bb7 9. Bb2 c5 10. e3 Rc8 11. Qe2 Rc7 12. Rac1 dxc4 13. bxc4 Ne4 14. Nxe4 Bxe4 15. Rfd1 Qa8 16. Ne1 Bxg2 17. Nxg2 Nf6 18. Nf4 Rd8 19. d5 exd5 20. Bxf6 Bxf6 21. Nxd5 Rc6 22. Rd3 Re8 23. Rcd1 Kf8 24. Qf3 Qc8 25. Ra3 a5 26. Rb3 Bd8 27. Rbd3 Qe6 28. Nf4 Qf6 29. Rxd8 g5 30. Rxe8+ Kxe8 31. Qe4+ 1-0

[Event "27th CRO-chT Women 2018"]
[Site "Biograd"]
[Date "2018.09.08"]
[Round "1.12"]
[White "Tomulic, Vesna"]
[Black "Golub, Nikolina"]
[Result "*"]
[ECO "C07"]
[WhiteElo "1837"]
[BlackElo "1839"]
[Annotator "NA"]
[PlyCount "35"]
[EventDate "2018.09.08"]
[EventType "team-tourn"]
[EventCountry "CRO"]
[SourceTitle "playchess.com"]
[Source "ChessBase"]
[SourceQuality "1"]
[TimeControl "40/5400+30:1800+30"]

1. e4 e6 2. d4 d5 3. Nd2 c5 4. c3 Nc6 5. exd5 Qxd5 6. Ngf3 cxd4 7. Bc4 Qd8 8. Ne4 dxc3 9. Qxd8+ Kxd8 10. Bg5+ f6 11. O-O-O+ Kc7 12. Be3 cxb2+ 13. Kxb2 b6 14. Nc3 a6 15. Rhe1 Kb7 16. Ne4 Kc7 17. Nc3 Bb4 18. Bf4+ *

[Event "27th CRO-chT Women 2018"]
[Site "Biograd"]
[Date "2018.09.08"]
[Round "1.13"]
[White "Lakos, Nikoletta"]
[Black "Videnova, Iva"]
[Result "1/2-1/2"]
[ECO "B30"]
[WhiteElo "2258"]
[BlackElo "2336"]
[Annotator "NA"]
[PlyCount "69"]
[EventDate "2018.09.08"]
[EventType "team-tourn"]
[EventCountry "CRO"]
[SourceTitle "playchess.com"]
[Source "ChessBase"]
[SourceQuality "1"]
[TimeControl "40/5400+30:1800+30"]

1. e4 c5 2. Nf3 e6 3. Nc3 Nc6 4. Bb5 Nd4 5. O-O a6 6. Bd3 Nc6 {[%emt 0:02:30] B30: Sicilian: 2...Nc6 3 Bb5, lines without ...g6} 7. Re1 (7. b3 Nge7 8. Bb2 Ng6 9. Re1 Be7 10. Nd5 exd5 11. exd5 O-O 12. dxc6 dxc6 13. Bxg6 hxg6 14. a4 {½-½ (81) Grischuk,A (2772)-Harikrishna,P (2744) Huaian 2017}) 7... d6 8. Bf1 Nf6 9. d4 cxd4 10. Nxd4 Be7 11. Nxc6 bxc6 12. e5 dxe5 13. Qxd8+ Bxd8 14. Rxe5 Bc7 $146 15. Re1 Nd5 16. Bd2 O-O 17. Na4 Rb8 18. b3 Rd8 19. Rad1 h6 $16 20. c4 Nb4 21. Bxb4 Rxb4 22. g3 a5 23. Bg2 Bb7 24. Nc5 Rb6 25. Rxd8+ Bxd8 26. Rd1 Be7 27. Nxb7 Rxb7 28. Bxc6 Rc7 29. Bb5 Kf8 30. Kg2 f5 31. h3 Kf7 32. Rd7 Rxd7 33. Bxd7 Bc5 34. f4 Kf6 35. Kf3 1/2-1/2

[Event "27th CRO-chT Women 2018"]
[Site "Biograd"]
[Date "2018.09.08"]
[Round "1.14"]
[White "Ivekovic, Tihana"]
[Black "Stadler, Brigita"]
[Result "1-0"]
[ECO "E99"]
[WhiteElo "2114"]
[BlackElo "2067"]
[Annotator "NA"]
[PlyCount "97"]
[EventDate "2018.09.08"]
[EventType "team-tourn"]
[EventCountry "CRO"]
[SourceTitle "playchess.com"]
[Source "ChessBase"]
[SourceQuality "1"]
[TimeControl "40/5400+30:1800+30"]

1. d4 Nf6 2. c4 g6 3. Nc3 Bg7 4. e4 d6 5. Nf3 O-O 6. Be2 e5 7. O-O Nc6 8. d5 Ne7 9. Ne1 Nd7 10. Bd2 f5 11. Nd3 Nf6 12. f3 c6 13. Rc1 c5 14. Rb1 f4 15. b4 b6 16. bxc5 bxc5 17. Nb5 {[%emt 0:08:30] E99: King's Indian: Classical Main Line: 9 Ne1 Nd7 10 f3 f5} g5 18. Nf2 Ng6 $146 ({Predecessor (2):} 18... h5 19. h3 Ng6 20. Qe1 Qe7 21. Ba5 Ne8 22. Rb3 Rf7 23. Qd2 Bh6 24. Rfb1 g4 25. fxg4 {0-1 (44) Sosonko,G (2540)-Nijboer,F (2475) Amsterdam 1989}) 19. Qb3 h5 20. h3 Ne8 21. Qa3 Rf7 22. Rb2 Bf8 23. Rfb1 Nh4 24. Be1 Qf6 25. Qd3 Qg6 26. Nc3 Nf6 27. Rb8 Rxb8 28. Rxb8 Bd7 29. Nb5 $17 ({White should try} 29. Nfd1 $11) 29... Kg7 30. Ra8 g4 31. fxg4 hxg4 32. Nxg4 Bxg4 33. hxg4 Qg5 34. Bxh4 Qxh4 35. Rxa7 Be7 36. Rxe7 Rxe7 37. Nxd6 Qe1+ 38. Bf1 Kg6 39. Nf5 Ra7 40. d6 Nxg4 41. Qf3 Kg5 42. g3 Rxa2 43. gxf4+ exf4 44. Ng7 Qe3+ 45. Qxe3 fxe3 46. d7 Ra1 47. d8=Q+ Kg6 48. Kg2 Ne5 49. Qd6+ 1-0

[Event "27th CRO-chT Women 2018"]
[Site "Biograd"]
[Date "2018.09.08"]
[Round "1.15"]
[White "Sambolec, Andreja"]
[Black "Cvitan, Ena"]
[Result "0-1"]
[ECO "B12"]
[WhiteElo "1864"]
[BlackElo "2009"]
[Annotator "NA"]
[PlyCount "50"]
[EventDate "2018.09.08"]
[EventType "team-tourn"]
[EventCountry "CRO"]
[SourceTitle "playchess.com"]
[Source "ChessBase"]
[SourceQuality "1"]
[TimeControl "40/5400+30:1800+30"]

1. e4 c6 2. d4 d5 3. e5 Bf5 4. Nf3 e6 5. Be2 Ne7 6. O-O h6 7. c4 {[%emt 0:11:30] B12: Caro-Kann: Advance Variation} (7. Nbd2 Nd7 8. Nb3 Bg6 9. a4 a5 10. c3 Nf5 11. Ne1 Be7 12. Nd3 O-O 13. f4 b6 14. g4 Nh4 {1-0 (41) Rodshtein,M (2678)-Riazantsev,A (2662) Sochi 2018}) 7... dxc4 8. Bxc4 Nd7 9. Nh4 $146 ({Predecessor:} 9. Nc3 Nb6 10. Bb3 Ned5 11. Re1 Be7 12. Ne4 O-O 13. Ng3 Bg6 14. Bc2 Qe8 15. h4 {½-½ (45) Lavrov,M (2369)-Bocharov,D (2574) Minsk 2017}) 9... Nb6 10. Bb3 Bh7 11. Nc3 Ned5 12. Nf3 Be7 13. a4 Nb4 14. Be3 a5 15. Nd2 N6d5 16. Nde4 O-O 17. Qg4 Kh8 18. Rad1 Qb6 19. Nc5 Nxe3 20. fxe3 Bxc5 21. dxc5 Qxc5 22. Qf4 Nd3 23. Qg3 Qxe5 24. Qf3 $19 Nxb2 25. Rd7 Qxc3 0-1

[Event "27th CRO-chT Women 2018"]
[Site "Biograd"]
[Date "2018.09.09"]
[Round "2.1"]
[White "Ivekovic, Ana"]
[Black "Videnova, Iva"]
[Result "0-1"]
[ECO "A04"]
[WhiteElo "2118"]
[BlackElo "2336"]
[Annotator "NA"]
[PlyCount "94"]
[EventDate "2018.09.08"]
[EventType "team-tourn"]
[EventCountry "CRO"]
[SourceTitle "playchess.com"]
[Source "ChessBase"]
[SourceQuality "1"]
[TimeControl "40/5400+30:1800+30"]

1. Nf3 c5 2. g3 g6 3. Bg2 Bg7 4. O-O Nc6 5. c3 e5 6. e4 Nge7 7. Re1 O-O 8. Na3 h6 9. d3 d6 10. Rb1 Be6 11. b3 d5 12. Qe2 Qd7 13. Bb2 d4 14. cxd4 cxd4 15. Qd2 a5 16. Nc4 Ra6 17. Rec1 b5 18. Na3 Rb8 19. Rc5 b4 20. Nc4 Qa7 21. Rxe5 Bxc4 22. Rxe7 Qxe7 23. bxc4 a4 24. Qf4 g5 25. Qf5 Qe6 26. Qxe6 fxe6 27. Nd2 e5 28. Bf3 Bf8 29. Bg4 Kf7 30. Bd7 Ke7 31. Bxc6 Rxc6 32. Kf1 g4 33. Ke2 h5 34. f4 Bg7 35. Rf1 Rf8 36. f5 Kf7 37. Rh1 h4 38. gxh4 Rh8 39. Rg1 Rxh4 40. Rg2 Bh6 41. Nf1 a3 42. Ba1 Bf4 43. Kd1 Rch6 44. Kc2 Bxh2 45. Kb3 Bf4 46. Kxb4 Rb6+ 47. Kc5 Rb1 0-1

[Event "27th CRO-chT Women 2018"]
[Site "Biograd"]
[Date "2018.09.09"]
[Round "2.2"]
[White "Deur Saric, Zrinka"]
[Black "Spiranec, Noemi"]
[Result "1/2-1/2"]
[ECO "B42"]
[WhiteElo "2115"]
[BlackElo "2035"]
[Annotator "NA"]
[PlyCount "79"]
[EventDate "2018.09.08"]
[EventType "team-tourn"]
[EventCountry "CRO"]
[SourceTitle "playchess.com"]
[Source "ChessBase"]
[SourceQuality "1"]
[TimeControl "40/5400+30:1800+30"]

1. e4 c5 2. Nf3 e6 3. d4 cxd4 4. Nxd4 a6 5. Bd3 Bc5 6. Nb3 Ba7 7. Qe2 Nc6 8. Nc3 d6 9. Be3 Nge7 10. O-O O-O 11. Rad1 Qc7 12. Bxa7 Rxa7 13. a3 Rd8 14. f4 b5 15. Kh1 Qb8 16. f5 f6 17. fxe6 Bxe6 18. Nd5 Ne5 19. h3 N7c6 20. c3 Re8 21. Bb1 Ne7 22. Nd4 Nxd5 23. Nxe6 Rxe6 24. exd5 Re8 25. Qe4 Ng6 26. Qg4 Ne5 27. Qf5 Ng6 28. Qg4 Ne5 29. Qg3 Qd8 30. Rde1 Rc7 31. Qh4 h6 32. Qh5 Rf8 33. Bf5 Qe8 34. Qh4 g6 35. Bb1 Kg7 36. Re2 Rc4 37. Qf2 Qf7 38. Ba2 Rc5 39. Qd4 Qa7 40. Ref2 1/2-1/2

[Event "27th CRO-chT Women 2018"]
[Site "Biograd"]
[Date "2018.09.09"]
[Round "2.4"]
[White "Vujnovic, Patricija"]
[Black "Turk, Vesna"]
[Result "1-0"]
[ECO "D02"]
[WhiteElo "2056"]
[BlackElo "1728"]
[Annotator "NA"]
[PlyCount "95"]
[EventDate "2018.09.08"]
[EventType "team-tourn"]
[EventCountry "CRO"]
[SourceTitle "playchess.com"]
[Source "ChessBase"]
[SourceQuality "1"]
[TimeControl "40/5400+30:1800+30"]

1. d4 d5 2. Bf4 Nf6 3. e3 Bf5 4. c4 c6 5. Nc3 e6 6. Qb3 Qb6 7. c5 Qxb3 8. axb3 Nbd7 9. b4 Be7 10. Nf3 O-O 11. h3 h6 12. b5 a5 13. bxa6 bxa6 14. Be2 a5 15. O-O Ne4 16. Ra2 Nxc3 17. bxc3 Ra7 18. Rfa1 Rfa8 19. Rb2 f6 20. g4 Bh7 21. Bg3 a4 22. Ra3 e5 23. Ne1 Rb8 24. Rxb8+ Nxb8 25. Bd3 Bxd3 26. Nxd3 Nd7 27. Nb4 Nb8 28. f4 exd4 29. exd4 f5 30. Kg2 Kf7 31. Nd3 Nd7 32. gxf5 Bf8 33. Ne5+ Nxe5 34. fxe5 Ke8 35. Kf3 Be7 36. Bf4 Bh4 37. Kg4 Be1 38. e6 Ke7 39. Bb8 Ra8 40. Bd6+ Ke8 41. Kh5 Bd2 42. Kg6 Bc1 43. Ra2 a3 44. Kxg7 Ra7+ 45. e7 Bg5 46. f6 Kd7 47. f7 Bxe7 48. Bxe7 1-0